 Dungeon Crawl Stone Soup version 0.30.1-11-g7821555f0a (webtiles) character file.

Game seed: 15051011709310521791

17570 Ivernyr the Cruncher (level 12, 0/98 HPs)
             Began as a Formicid Fighter on Dec 11, 2023.
             Was a Follower of Wu Jian.
             Slain by a death yak (12 damage)
             ... on level 2 of the Lair of Beasts.
             The game lasted 00:28:32 (12757 turns).

Ivernyr the Cruncher (Formicid Fighter)            Turns: 12757, Time: 00:28:32

Health: 0/98       AC: 18    Str: 30    XL:     12   Next: 84%
Magic:  12/12      EV:  9    Int: 10    God:    Wu Jian [*.....]
Gold:   609        SH: 12    Dex: 13    Spells: 11/11 levels left

rFire   + + .        a - +3 quarterstaff (chaos)
rCold   . . .        c - +0 kite shield
rNeg    . . .        b - +0 scale mail
rPois   .            (helmet unavailable)
rElec   +            t - +0 cloak {Stlth+}
rCorr   .            z - +0 pair of gloves
SInv    +            D - +1 pair of boots of Okawaru's Castigation {rElec rF++ Str-2 Int+2}
Will    +....        p - amulet of the acrobat
Stlth   +            f - +4 ring of protection
HPRegen 0.36/turn    d - +6 ring of strength
MPRegen 0.13/turn

%: acrobat
@: no status effects
A: permanent stasis, dig shafts and tunnels, antennae 3, four strong arms
a: Dig, Shaft Self, Renounce Religion


You were on level 2 of the Lair of Beasts.
You worshipped Wu Jian.
Wu Jian was aware of your devotion.
You visited 3 branches of the dungeon, and saw 13 of its levels.

You collected 609 gold pieces.

Inventory:

Hand Weapons
 a - a +3 quarterstaff of chaos (weapon)
Armour
 b - a +0 scale mail (worn)
 c - a +0 kite shield (worn)
 t - a +0 cloak of stealth (worn)
 z - a +0 pair of gloves (worn)
 D - the +1 pair of boots of Okawaru's Castigation (worn) {rElec rF++ Str-2 Int+2}
   (You found it on level 10 of the Dungeon)

   Str:       It affects your strength (-2).
   Int:       It affects your intelligence (+2).
   rF:        It greatly protects you from fire.
   rElec:     It insulates you from electricity.
Jewellery
 d - a +6 ring of strength (right hand)
 f - a +4 ring of protection (left hand)
 l - a ring of positive energy
 p - an amulet of the acrobat (around neck)
 v - a ring of positive energy
 w - a ring of positive energy
Wands
 B - a wand of roots (18)
 E - a wand of flame (14)
Scrolls
 e - 17 scrolls of identify {unknown}
 i - 6 scrolls of teleportation {unknown}
 j - 3 scrolls of amnesia {unknown}
 k - 4 scrolls of enchant weapon {unknown}
 n - 3 scrolls of vulnerability {unknown}
 o - 3 scrolls of poison {unknown}
 q - 2 scrolls of immolation {unknown}
 x - 2 scrolls of magic mapping {unknown}
 y - 2 scrolls of enchant armour {unknown}
 A - 2 scrolls of fog {unknown}
 H - a scroll of silence {unknown}
Potions
 g - 4 potions of attraction {unknown}
 h - a potion of heal wounds
 m - 4 potions of flight {unknown}
 r - 8 potions of curing
 s - 2 potions of mutation {unknown}
 u - a potion of berserk rage {unknown}
 C - a potion of degeneration {unknown}
 F - 2 potions of magic {unknown}
 G - 3 potions of brilliance {unknown}
 I - a potion of haste {unknown}
 J - a potion of ambrosia {unknown}


   Skills:
 + Level 10.5 Fighting
 * Level 13.0 Staves
 + Level 10.5 Armour
 + Level 12.4 Shields


You had 11 spell levels left.
You didn't know any spells.
Your spell library contained the following spells:

 Spells                   Type           Power      Damage    Failure   Level
 Magic Dart               Conj           0%         1d3       71%         1
 Shock                    Conj/Air       0%         1d3       71%         1
 Call Imp                 Summ           0%         N/A       83%         2
 Mephitic Cloud           Conj/Pois/Air  0%         N/A       97%         3
 Summon Guardian Golem    Hex/Summ       0%         N/A       97%         3
 Airstrike                Air            0%         2d(0-16)  100%        4
 Orb of Destruction       Conj           0%         9d5       100%        7
 Spellforged Servitor     Conj/Summ      0%         N/A       100%        7
 Swiftness                Air            Unusable   N/A       N/A         3

Dungeon Overview and Level Annotations

Branches:
Dungeon (10/15)            Temple (1/1) D:5            Lair (2/5) D:10
  Snake (0/4) Lair:2
  Swamp: Lair:2-3    Shoals: Lair:2-3       Orc: D:9-12

Altars:
Ashenzari
Cheibriados
Dithmenos
Elyvilon
Fedhas
Gozag
Hepliaklqana
Kikubaaqudgha
Makhleb
Nemelex Xobeh
Okawaru
Qazlal
Ru
Sif Muna
Trog
Uskayaw
Vehumet
Wu Jian
Xom
Yredelemnul
Zin
The Shining One


Innate Abilities, Weirdness & Mutations

You cannot be hasted, slowed, berserked, paralysed or teleported.
You can dig through walls and to a lower floor.
You have a pair of large antennae on your head. (SInv)
Your four strong arms can wield two-handed weapons with a shield.


Message History

You kill the death yak!
The Council accepts your kill.
A death yak comes into view.
Your Staves skill increases to level 13!
You see here a death yak corpse.
You barely miss the death yak. The death yak gores you!!
* * * LOW HITPOINT WARNING * * *
You sock the death yak!
The death yak is lightly wounded.
You bludgeon the death yak!! You burn the death yak.
The death yak is heavily wounded.
You thump the death yak!
You feel better.
The death yak is lightly wounded.
You hit the death yak but do no damage.
The death yak is lightly wounded.
You feel much better.
The death yak gores you but does no damage.
You block the death yak's attack.
You hit the death yak.
Lightning courses through the death yak!
The death yak is severely wounded.
The death yak gores you!
The death yak gores you but does no damage.
You sock the death yak!
The death yak is poisoned.
The death yak is severely wounded.
You block the death yak's attack. The death yak barely misses you.
You barely miss the death yak.
The death yak is severely wounded.
You barely miss the death yak.
The death yak is severely wounded.
You block the death yak's attack. The death yak barely misses you.
You barely miss the death yak.
The death yak is almost dead.
The death yak gores you!!
* * * LOW HITPOINT WARNING * * *
The death yak barely misses you.
It was a potion of curing.
You feel better. The death yak gores you!
* * * LOW HITPOINT WARNING * * *
The death yak gores you!
You die...

P.......##. ....#.
........##. .>...
.P###.#'#.. .....##
#####..... ...#.
#......... #...##
#......... #....#
##......... #.YY.#
#.......... #@..#
#.......... ##..##
#.......... #..[.#
###.P#.##.. ##...#
###P.####.#.
..##...###........##.
....................#.
......#.....##......P.
.......##....##..[.....
..P.#P.##.....#.....##.


You could see 2 death yaks.

Vanquished Creatures
  Fannar (Lair:1)
  A two-headed ogre (D:10)
  A death yak (Lair:2)
  Amaemon (D:9)
  2 centaur zombies (D:10)
  2 black mambas (Lair:2)
  An orange demon (D:9)
  A cane toad (Lair:1)
  A centaur skeleton (D:10)
  2 rime drakes
  A komodo dragon (Lair:1)
  A polar bear (Lair:1)
  A tarantella (shapeshifter) (D:9)
  2 hellwings (D:10)
  Grinder (D:3)
  6 blink frogs (Lair:2)
  A meliai zombie (D:10)
  Sigmund (D:3)
  A shadow (D:10)
  2 wraiths
  2 wyverns
  A vampire (D:10)
  A golden eye (shapeshifter) (Lair:2)
  15 yaks
  9 water moccasins
  4 orc warriors
  6 black bears
  16 wolves
  A sky beast (D:8)
  5 centaurs
  3 ogres
  A phantom (D:7)
  3 kobold brigands
  A gnoll sergeant (D:8)
  9 bullfrogs
  7 scorpions
  4 wights
  4 killer bees (D:9)
  A howler monkey (D:8)
  An electric eel (Lair:1)
  5 hounds
  A jelly (D:5)
  6 orc priests
  A gnoll bouda (D:8)
  Crazy Yiuf (D:3)
  A sleepcap (D:4)
  2 boggart zombies (D:10)
  An iguana (D:3)
  7 orc wizards
  5 adders
  14 gnolls
  5 shadow imps
  A worm (D:3)
  3 dart slugs
  31 orcs
  7 ball pythons
  3 bats
  11 endoplasms
  4 giant cockroaches
  7 hobgoblins
  15 kobolds
  3 quokkas
  2 frilled lizards (D:3)
  5 goblins
  11 rats
276 creatures vanquished.

Notes
Turn   | Place    | Note
-------+----------+-------------------------------------------
     0 | D:1      | Ivernyr the Formicid Fighter began the quest for the Orb.
     0 | D:1      | Reached XP level 1. HP: 18/18 MP: 1/1
   205 | D:1      | Reached XP level 2. HP: 24/24 MP: 2/2
   325 | D:1      | Found a faded altar of an unknown god.
   469 | D:1      | Reached XP level 3. HP: 24/29 MP: 3/3
  1344 | D:3      | Reached XP level 4. HP: 35/37 MP: 4/4
  1361 | D:3      | Reached skill level 3 in Staves
  1620 | D:3      | Reached XP level 5. HP: 41/42 MP: 5/5
  1668 | D:3      | Reached skill level 5 in Shields
  1989 | D:3      | Noticed Grinder
  2009 | D:3      | Killed Grinder
  2010 | D:3      | Reached skill level 4 in Staves
  2010 | D:3      | Reached XP level 6. HP: 20/49 MP: 6/6
  2406 | D:3      | Noticed Sigmund
  2424 | D:3      | Killed Sigmund
  2425 | D:3      | Reached skill level 5 in Staves
  2425 | D:3      | Reached XP level 7. HP: 52/55 MP: 7/7
  2570 | D:3      | Found a runed translucent door.
  2597 | D:3      | Noticed Crazy Yiuf
  2604 | D:3      | Killed Crazy Yiuf
  2741 | D:4      | Reached skill level 5 in Fighting
  2741 | D:4      | Reached skill level 5 in Armour
  2923 | D:4      | Reached XP level 8. HP: 62/62 MP: 8/8
  3051 | D:4      | Found a shadowy altar of Dithmenos.
  3415 | D:5      | Entered Level 5 of the Dungeon
  3424 | D:5      | Found a shimmering blue altar of Sif Muna.
  3458 | D:5      | Identified the +6 sling of Jusut {drain, MP+9 SInv}
  3500 | D:5      | Reached skill level 6 in Staves
  3688 | D:5      | Found a radiant altar of Vehumet.
  3690 | D:5      | Found an iron altar of Okawaru.
  3746 | D:5      | Found an opulent altar of Gozag.
  3756 | D:5      | Found a staircase to the Ecumenical Temple.
  3766 | Temple   | Entered the Ecumenical Temple
  4446 | D:6      | You fall into a shaft and drop 2 floors!
  4698 | D:7      | Noticed a wyvern
  4715 | D:7      | Killed a wyvern
  4716 | D:7      | Reached skill level 7 in Staves
  4716 | D:7      | Reached XP level 9. HP: 44/69 MP: 9/9
  5326 | D:7      | Found a sparkling altar of Nemelex Xobeh.
  6413 | D:8      | Reached skill level 8 in Staves
  6863 | D:8      | Reached XP level 10. HP: 14/79 MP: 10/10
  7658 | D:9      | Found a blossoming altar of Fedhas.
  7670 | D:9      | Reached skill level 9 in Staves
  7775 | D:9      | a shapeshifter changed into a salamander
  7775 | D:9      | Noticed a salamander (shapeshifter)
  8248 | D:9      | Noticed Amaemon
  8249 | D:9      | Noticed an orange demon
  8289 | D:9      | Killed Amaemon
  8290 | D:9      | Reached skill level 10 in Staves
  8296 | D:9      | Killed an orange demon
  8297 | D:9      | Reached skill level 10 in Shields
  8297 | D:9      | Reached XP level 11. HP: 42/87 MP: 11/11
  8636 | D:9      | Found a white marble altar of Elyvilon.
  9132 | D:10     | Entered Level 10 of the Dungeon
  9315 | D:10     | Identified the +1 pair of boots of Okawaru's Castigation
                  | {rElec rF++ Str-2 Int+2}
  9430 | D:10     | Noticed a two-headed ogre
  9471 | D:10     | Killed a two-headed ogre
  9509 | D:10     | Found a staircase to the Lair.
  9528 | D:10     | Reached skill level 11 in Staves
 10358 | D:10     | Found a faded altar of an unknown god.
 10358 | D:10     | Found a faded altar of an unknown god.
 10366 | D:10     | Found a hide-covered altar of Uskayaw.
 10368 | D:10     | Found an ornate altar of the Wu Jian Council.
 10370 | D:10     | Found a glowing silver altar of Zin.
 10374 | D:10     | Became a worshipper of the Wu Jian Council
 10560 | D:10     | Found a stormy altar of Qazlal.
 10775 | Lair:1   | Entered Level 1 of the Lair of Beasts
 10892 | Lair:1   | Reached XP level 12. HP: 75/96 MP: 12/12
 11506 | Lair:1   | Reached skill level 12 in Staves
 11703 | Lair:2   | Noticed Fannar
 11727 | Lair:1   | Killed Fannar
 11996 | Lair:2   | Reached skill level 10 in Fighting
 12004 | Lair:2   | Reached skill level 10 in Armour
 12545 | Lair:2   | Reached * piety under Wu Jian
 12733 | Lair:2   | Noticed a death yak
 12736 | Lair:2   | Found a staircase to the Snake Pit.
 12739 | Lair:2   | Noticed a death yak
 12744 | Lair:2   | Killed a death yak
 12744 | Lair:2   | Noticed a death yak
 12745 | Lair:2   | Reached skill level 13 in Staves
 12757 | Lair:2   | Slain by a death yak

Illustrated notes

Levels and vault maps discovered:
D:1:      minmay_arrival_up_and_down, layout_basic,
          chequers_ecumenical_altar_island
D:2:      layout_basic
D:3:      layout_loops_cross, serial_aquarium, aquarium_bridge_island_small
          [aquarium_subvault_small_open, aquarium_subvault_bridge,
          aquarium_subvault_window, aquarium_subvault_bridge,
          aquarium_subvault_bridge], aquarium_window_1, aquarium_window_corner,
          aquarium_window_3, aquarium_window_1, aquarium_view_2b,
          aquarium_view_2e, aquarium_balcony_1b, uniq_crazy_yiuf_cottage,
          uniq_sigmund, uniq_grinder
D:4:      layout_loops_ring, mainiacjoe_overflow_alcove_1
D:5:      layout_rooms, nicolae_sif_muna_little_library,
          grunt_temple_overflow_open, temple_statues, serial_glass,
          glass_columns_a, glass_columns_a, roderic_filled_cross
D:6:      layout_basic
D:7:      layout_basic, nemelex_dance_club_becter
D:8:      layout_basic, st_stairs_2
D:9:      layout_cave_pods, mainiacjoe_overflow_24_doors, elyvilon_altar_5,
          chequers_mini_garden, uniq_amaemon
D:10:     cheibrodos_grave_circle, layout_cave_pods,
          chequers_temple_overflow_minitemple, mainiacjoe_overflow_catwalk,
          due_lair_maze_entry_diamond, hangedman_abyss_or_decor_stabs
Temple:   eino_temple_lava
Lair:1:   layout_regular_city, infiniplex_staircase_pool, lemuel_fruit_tree
Lair:2:   layout_regular_city, minmay_shoals_entry_hut,
          minmay_snake_entry_six_corridors, serial_bayou_shore_a, uniq_fannar

Skill      XL: |  1  2  3  4  5  6  7  8  9 10 11 12 |
---------------+-------------------------------------+-----
Staves         | 3 4 5 7 8 10 11 13 | 13.0
Fighting       | 4 5 6 7 8 9 10 | 10.5
Armour         | 4 5 6 7 8 9 10 | 10.5
Shields        | 5 6 7 8 10 11 12 | 12.4

Action                     |  1- 3 |  4- 6 |  7- 9 | 10-12 || total
---------------------------+-------+-------+-------+-------++-------
  Melee: Quarterstaff      |    74 |   126 |   262 |   684 ||  1146
Ability: Shaft Self        |       |       |     1 |       ||     1
         Dig               |       |       |       |     2 ||     2
         Lunge             |       |       |       |    12 ||    12
    Use: Potion            |       |       |     2 |     6 ||     8
   Stab: Paralysed         |       |       |     2 |     7 ||     9
         Confused          |       |       |       |     2 ||     2
 Armour: Scale mail        |    25 |    36 |   125 |   267 ||   453
  Dodge: Dodged            |    33 |    45 |   113 |   268 ||   459
  Block: Buckler           |    26 |    35 |       |       ||    61
         Kite shield       |       |       |   147 |   391 ||   538
